 Dungeon Crawl Stone Soup version 0.23.2-1-ga50397a6bc (webtiles) character file.

Game seed: 17922378594822532865

313355 Rediskos the Slayer (level 21, -4/148 HPs)
             Began as a Gargoyle Fighter on May 10, 2019.
             Was the Champion of the Shining One.
             Slain by an azure jelly (40 damage)
             ... created by the Royal Jelly
             ... on level 5 of the Pits of Slime on May 11, 2019.
             The game lasted 02:30:33 (43552 turns).

Rediskos the Slayer (Gargoyle Fighter)             Turns: 43552, Time: 02:30:34

Health: -4/148     AC: 42    Str: 30    XL:     21   Next: 33%
Magic:  22/31      EV:  9    Int: 12    God:    the Shining One [******]
Gold:   2641       SH: 35    Dex: 12    Spells: 20/20 levels left

rFire    + . .     SeeInvis .   k - +9 morningstar (holy)
rCold    . . .     Gourm    .   Y - +0 large shield
rNeg     + + +     Faith    .   b - +5 plate armour of Zeuzuh {rN+ Int+3}
rPois    ∞         Spirit   .   K - +2 helmet
rElec    +         Reflect  .   s - +0 cloak {rPois}
rCorr    +         Harm     .   O - +0 pair of gloves {Str+3}
MR       ++...                  X - +2 pair of boots {Stlth+}
Stlth    ..........             o - amulet "Usog" {rF+ Regen+}
HPRegen  0.74/turn              d - ring of protection from magic
MPRegen  0.22/turn              v - ring of resist corrosion

@: divine shield, corroded, flying, glowing
A: big wings, negative energy resistance 1, electricity resistance, unbreathing,
petrification resistance, rot immunity, AC +16
}: 2/15 runes: barnacled, gossamer
a: Stop Flying, Divine Shield, Cleansing Flame, Summon Divine Warrior, Renounce
Religion


You were on level 5 of the Pits of Slime.
You worshipped the Shining One.
The Shining One was exalted by your worship.
You were hungry.

You visited 7 branches of the dungeon, and saw 39 of its levels.
You visited the Abyss 1 time.
You also visited: Volcano.

You collected 4672 gold pieces.
You spent 2031 gold pieces at shops.

Inventory:

Hand Weapons
 k - a +9 morningstar of holy wrath (weapon)
Missiles
 a - 8 throwing nets (quivered)
Armour
 b - the +5 plate armour of Zeuzuh (worn) {rN+ Int+3}
   (You found it on level 4 of the Shoals)

   It affects your intelligence (+3).
   It protects you from negative energy.
 s - a +0 cloak of poison resistance (worn)
 K - a +2 helmet (worn)
 O - a +0 pair of gloves of strength (worn)
 X - a +2 pair of boots of stealth (worn)
 Y - a +0 large shield (worn)
Jewellery
 d - a ring of protection from magic (left hand)
 e - an uncursed ring of ice
 g - an uncursed ring of magical power
 m - an uncursed ring of protection from fire
 o - the amulet "Usog" (around neck) {rF+ Regen+}
   (You found it on level 10 of the Dungeon)

   [amulet of regeneration]

   It protects you from fire.
   It increases your rate of regeneration.
 q - an uncursed amulet of rage
 v - a ring of resist corrosion (right hand)
 Z - an uncursed ring of magical power
Wands
 j - a wand of acid (13)
 t - a wand of scattershot (6)
 u - a wand of disintegration (4)
 w - a wand of paralysis (26)
 x - a wand of iceblast (20)
 y - a wand of digging (8)
 L - a wand of flame (71)
Scrolls
 h - 19 scrolls of teleportation
 i - 20 scrolls of remove curse
 l - 3 scrolls of blinking
 r - a scroll of amnesia
 B - a scroll of magic mapping
 E - a scroll of holy word
 F - 2 scrolls of enchant weapon
 G - 2 scrolls of fog
 H - 10 scrolls of identify
 J - 5 scrolls of fear
 M - 13 scrolls of enchant armour
 T - 5 scrolls of immolation
 V - 2 scrolls of summoning
Potions
 n - 17 potions of curing
 p - 2 potions of heal wounds
 z - a potion of cancellation
 A - 8 potions of agility
 C - 8 potions of brilliance
 D - 3 potions of might
 I - 5 potions of haste
 N - 2 potions of berserk rage
 P - 3 potions of mutation
 Q - a potion of ambrosia
 R - a potion of resistance
 S - 3 potions of magic
Miscellaneous
 c - a fan of gales
 U - a fan of gales
 W - a phantom mirror
Comestibles
 f - 48 rations


   Skills:
 + Level 21.3 Fighting
 - Level 16.0 Maces & Flails
 - Level 12.0 Armour
 - Level 5.0 Dodging
 + Level 18.0 Shields
 + Level 14.0 Invocations
 + Level 11.8 Evocations


You had 20 spell levels left.
You didn't know any spells.
Your spell library contained the following spells:

 Spells                   Type           Power        Failure   Level  Hunger
 Animate Skeleton         Necr           N/A          99%         1    ##.....
 Flame Tongue             Conj/Fire      #....        99%         1    ##.....
 Magic Dart               Conj           #...         99%         1    ##.....
 Pain                     Necr           #...         99%         1    ##.....
 Sandblast                Erth           #.....       99%         1    ##.....
 Summon Small Mammal      Summ           #...         99%         1    ##.....
 Blink                    Tloc           N/A          100%        2    ###....
 Call Imp                 Summ           #.......     100%        2    ###....
 Passwall                 Tmut/Erth      #.......     100%        2    ###....
 Searing Ray              Conj           #.....       100%        2    ###....
 Slow                     Hex            #.......     100%        2    ###....
 Swiftness                Chrm/Air       #.......     100%        2    ###....
 Call Canine Familiar     Summ           #.......     100%        3    ####...
 Conjure Flame            Conj/Fire      #.......     100%        3    ####...
 Dazzling Spray           Conj/Hex       #.....       100%        3    ####...
 Mephitic Cloud           Conj/Pois/Air  #.......     100%        3    ####...
 Recall                   Summ/Tloc      N/A          100%        3    ####...
 Regeneration             Chrm/Necr      #.........   100%        3    ####...
 Static Discharge         Conj/Air       #.......     100%        3    ####...
 Stone Arrow              Conj/Erth      #.....       100%        3    ####...
 Summon Guardian Golem    Hex/Summ       #.......     100%        3    ####...
 Vampiric Draining        Necr           #.........   100%        3    ####...
 Animate Dead             Necr           N/A          100%        4    #####..
 Cause Fear               Hex            #.........   100%        4    #####..
 Force Lance              Conj/Tloc      #.......     100%        4    #####..
 Fulminant Prism          Conj/Hex       #.........   100%        4    #####..
 Iskenderun's Mystic Bla  Conj           #.......     100%        4    #####..
 Passage of Golubria      Tloc           N/A          100%        4    #####..
 Petrify                  Tmut/Erth      #.......     100%        4    #####..
 Summon Ice Beast         Ice/Summ       #.......     100%        4    #####..
 Summon Lightning Spire   Summ/Air       #.......     100%        4    #####..
 Aura of Abjuration       Summ           #.........   100%        5    ######.
 Lee's Rapid Deconstruct  Erth           #.........   100%        5    ######.
 Lightning Bolt           Conj/Air       #.........   100%        5    ######.
 Summon Demon             Summ           #.........   100%        5    ######.
 Summon Forest            Summ/Tloc      #.........   100%        5    ######.
 Summon Mana Viper        Hex/Summ       #.......     100%        5    ######.
 Bolt of Fire             Conj/Fire      #.........   100%        6    #######
 Darkness                 Hex            #.........   100%        6    #######
 Invisibility             Hex            #.......     100%        6    #######
 Shadow Creatures         Summ           N/A          100%        6    #######
 Dragon Form              Tmut           #.........   100%        7    #######
 Ignition                 Fire           #.........   100%        8    #######
 Dragon's Call            Summ           #.........   100%        9    #######
 Shatter                  Erth           #.........   100%        9    #######
 Tornado                  Air            #.........   100%        9    #######


Dungeon Overview and Level Annotations

Branches:
Dungeon (15/15)            Temple (0/1) D:4            Lair (6/6) D:8
 Shoals (4/4) Lair:2       Spider (4/4) Lair:4        Slime (5/5) Lair:6
    Orc (2/2) D:12            Elf (3/3) Orc:2        Vaults (0/5) D:14
 Depths (0/5) D:15

Altars:
Ashenzari
Dithmenos
Fedhas
Gozag
Hepliaklqana
Makhleb
Okawaru
Ru
Sif Muna
Trog
Yredelemnul
The Shining One

Shops:
D:9 ?*%   D:10 =*?[   D:12 *   Orc:2 [*(*

Annotations:
Lair:2 exclusion: 3 oklob plants
Shoals:2 3 runed translucent doors, exclusion: obsidian statue, ciphuk's ghost, adept GnVM
Spider:4 3 runed translucent doors, CptnHaddock's ghost, adept HOMo
Slime:5 Royal Jelly
Elf:1 2 transporters, Wujasch's ghost, adept GnEE


Innate Abilities, Weirdness & Mutations

You are resistant to torment.
Your stone body is resilient. (AC +16)
You are immune to poison.
Your large and strong wings let you fly indefinitely.
You resist negative energy. (rN+)
You are resistant to electric shocks. (rElec)
You can survive without breathing.
You are immune to petrification.
You are immune to rotting.


Message History

The azure jelly hits you but does no damage.
The azure jelly closely misses you. x2
The azure jelly hits you but does no damage.
The azure jelly misses you.
The azure jelly hits you but does no damage. x2
The acid blob spits acid at you.
The splash of acid hits you but does no damage.
You are splashed with acid!
You resist.
* * * LOW HITPOINT WARNING * * *
You hit the acid blob.
Your hands burn!
* * * LOW HITPOINT WARNING * * *
The acid blob is heavily wounded.
You block the azure jelly's attack.
The azure jelly hits you but does no damage.
You block the azure jelly's attack.
The azure jelly hits you but does no damage.
You block the acid blob's attack. The azure jelly hits you.
* * * LOW HITPOINT WARNING * * *
The azure jelly freezes you!!!
You die...

..#.................###
.....................#
.....................#
.....................#
.^..............^...##
...................##
...................#
......JJJJ.......###
......JJ@J.....###
.......JJJ...###
.......JJ.....#
............###
..........###
......#.### #....####
..#.# ####


You could see the Royal Jelly, 3 acid blobs, 5 azure jellies and 3 death oozes.

Vanquished Creatures
  An ancient lich (Abyss:2)
  Nikola (Shoals:2)
  Arachne (Spider:2)
  Rupert (Lair:5)
  Jorgrun (Elf:1)
  6 deep elf blademasters
  Polyphemus (Shoals:2)
  11 acid blobs
  6 deep elf master archers (Elf:3)
  Frances (Shoals:1)
  2 krakens (Shoals:1)
  Kirke (Shoals:4)
  6 azure jellies
  A frost giant (Shoals:4)
  7 deep elf sorcerers (Elf:3)
  6 ghost moths
  5 emperor scorpions
  2 deep elf elementalists (Elf:3)
  4 entropy weavers
  A deep elf demonologist (Elf:3)
  5 deep elf annihilators (Elf:3)
  4 spark wasps
  7 merfolk impalers
  2 merfolk javelineers (Shoals:4)
  4 deep elf death magi (Elf:3)
  A green death (Abyss:2)
  4 death oozes
  5 great orbs of eyes
  Erolcha (Orc:2)
  A deep elf high priest (Elf:3)
  8 vault guards (D:14)
  5 hydras
  2 alligator snapping turtles (Shoals:4)
  A merfolk avatar (Shoals:4)
  A catoblepas (Shoals:1)
  A satyr (shapeshifter) (Elf:3)
  2 centaur warriors
  3 death yaks
  5 merfolk aquamancers
  27 dancing weapons
  An ogre mage (D:15)
  5 satyrs
  9 two-headed ogres
  5 orc high priests
  A soul eater (Abyss:2)
  14 deep elf knights
  Sonja (Lair:5)
  3 skeletal warriors (D:13)
  A wretched star (Abyss:2)
  13 sea snakes
  A spatial maelstrom (Abyss:2)
  2 unseen horrors
  A glowing orange brain (Slime:5)
  Pikel (D:4)
  4 orc knights
  An obsidian statue (D:14)
  11 deep elf archers
  13 harpies
  A lindwurm (Lair:6)
  6 orc sorcerers
  5 ugly things
  51 deep elf magi
  22 orb spiders
  4 cyclopes
  2 oklob plants
  13 manticores
  33 wolf spiders
  9 fauns
  6 elephants (Lair:6)
  2 merfolk sirens (Shoals:4)
  2 black mambas
  A centaur zombie (D:9)
  2 water nymphs
  A moth of wrath (Spider:4)
  Psyche (D:9)
  3 gargoyles
  2 eyes of devastation
  22 spiny frogs
  4 torpor snails
  2 centaur skeletons
  2 rime drakes
  An efreet (Volcano)
  6 komodo dragons
  2 tengu conjurers (D:14)
  11 demonic crawlers
  An ancient zyme (Abyss:2)
  15 merfolk
  2 large abominations (Abyss:2)
  13 trolls
  7 hornets
  2 polar bears (Lair:6)
  Grinder (D:3)
  48 jumping spiders
  4 tyrant leeches (Lair:6)
  69 slime creatures
  5 wind drakes
  15 blink frogs
  15 dream sheep
  6 snapping turtles
  10 hippogriffs
  3 wyverns
  A shadow (D:12)
  A tarantella (shapeshifter) (Orc:2)
  25 tarantellas
  76 redbacks
  A spriggan (D:8)
  10 water elementals
  33 yaks
  Eustachio (D:4)
  A fire bat (shapeshifter) (D:9)
  2 fire elementals
  A basilisk (Lair:2)
  2 hungry ghosts
  6 golden eyes (Slime:4)
  A steam dragon (D:10)
  A neqoxec (Abyss:2)
  6 vampire mosquitoes (Lair:6)
  Menkaure (D:4)
  3 spatial vortices (Abyss:2)
  3 wargs
  Edmund (D:4)
  A soldier ant (D:12)
  2 acid dragons
  Duvessa (D:4)
  3 porcupines
  17 water moccasins
  30 orc warriors
  A hornet zombie (D:13)
  2 black bears
  2 ice beasts (D:10)
  7 sky beasts
  3 eyes of draining
  15 ogres
  4 wolves (D:8)
  3 slaves (D:4)
  3 phantoms
  6 centaurs
  16 crocodiles
  Blork the orc (D:4)
  7 big kobolds
  25 bullfrogs
  2 earth elementals
  5 gnoll sergeants (D:12)
  Dowan (D:4)
  A wyvern zombie (D:13)
  3 scorpions
  2 wyvern skeletons
  4 killer bees (D:7)
  8 electric eels
  2 small abominations (Abyss:2)
  A bullfrog zombie (D:8)
  10 crimson imps
  A gnoll shaman (D:4)
  29 orc priests
  13 hounds
  3 jellies
  23 orc wizards
  3 iguanas
  3 bullfrog skeletons
  13 worker ants
  A hound zombie (D:6)
  A hound skeleton (D:8)
  2 worker ant zombies
  20 gnolls
  17 adders
  4 shadow imps
  An ufetubus (Abyss:2)
  An ooze (D:5)
  3 worms
  4 dart slugs
  4 leopard geckos
  83 orcs
  3 giant cockroaches
  4 hobgoblins
  16 jackals
  24 kobolds
  5 quokkas
  2 ball pythons
  7 bats
  13 frilled lizards
  A giant cockroach zombie (D:5)
  11 goblins
  A leopard gecko skeleton (D:5)
  A quokka skeleton (D:4)
  7 rats
  A fungus (Lair:5)
  2 plants
  9 tentacles (Shoals:1)
1373 creatures vanquished.

Vanquished Creatures (collateral kills)
  Asterion (Spider:1)
  A death ooze (Slime:5)
  An obsidian statue (D:14)
  An orc knight (Orc:2)
  An ugly thing (D:14)
  2 wolf spiders (Spider:1)
  2 jumping spiders (Spider:1)
  A redback (Spider:1)
  A tarantella (Spider:1)
  A phantom (D:14)
  A kobold (D:14)
13 creatures vanquished.

Vanquished Creatures (others)
  A merfolk aquamancer (Shoals:4)
  A deep elf mage (Elf:1)
  A human (Shoals:4)
  A wolf (D:8)
  A bush (Lair:6)
  19 fungi
  53 plants
  26 tentacles (Shoals:1)
103 creatures vanquished.

Grand Total: 1489 creatures vanquished

Notes
Turn   | Place    | Note
-------+----------+-------------------------------------------
     0 | D:1      | Rediskos the Gargoyle Fighter began the quest for the Orb.
     0 | D:1      | Reached XP level 1. HP: 14/14 MP: 1/1
   145 | D:1      | Reached XP level 2. HP: 19/19 MP: 2/2
   534 | D:1      | Reached XP level 3. HP: 23/23 MP: 3/3
  1120 | D:2      | Reached XP level 4. HP: 26/29 MP: 4/4
  1674 | D:3      | Noticed Grinder
  1706 | D:3      | Paralysed by Grinder for 6 turns
  1716 | D:3      | Killed Grinder
  1716 | D:3      | Reached skill level 4 in Fighting
  1716 | D:3      | Reached XP level 5. HP: 29/34 MP: 5/5
  1716 | D:3      | Reached XP level 6. HP: 33/39 MP: 6/6
  1809 | D:3      | Found a shattered altar of Ashenzari.
  2163 | D:3      | Found a bloodstained altar of Trog.
  2426 | D:4      | Noticed Menkaure
  2427 | D:4      | Noticed Edmund
  2817 | D:4      | Reached XP level 7. HP: 44/44 MP: 7/7
  3016 | D:3      | Reached skill level 5 in Maces & Flails
  3189 | D:4      | Noticed Blork the orc
  3219 | D:4      | Killed Blork the orc
  3219 | D:4      | Reached skill level 5 in Armour
  3219 | D:4      | Reached skill level 5 in Shields
  3350 | D:4      | Noticed Pikel
  3383 | D:4      | Killed Pikel
  3383 | D:4      | Reached skill level 5 in Fighting
  3383 | D:4      | Reached XP level 8. HP: 50/50 MP: 8/8
  3547 | D:4      | Found a basalt altar of Yredelemnul.
  3583 | D:4      | Noticed Eustachio
  3603 | D:5      | Entered Level 5 of the Dungeon
  4499 | D:6      | Reached skill level 6 in Fighting
  4979 | D:6      | Reached XP level 9. HP: 41/55 MP: 9/9
  5813 | D:6      | Found a deep blue altar of Sif Muna.
  6851 | D:7      | Reached skill level 7 in Fighting
  7558 | D:8      | Noticed a troll
  7585 | D:8      | Killed a troll
  7773 | D:8      | Reached XP level 10. HP: 62/63 MP: 10/10
  7791 | D:8      | Found a glowing golden altar of the Shining One.
  7794 | D:8      | Became a worshipper of the Shining One
  8021 | D:8      | Found a staircase to the Lair.
  8115 | D:8      | Reached skill level 8 in Fighting
  8307 | D:8      | Reached * piety under the Shining One
  8331 | D:8      | Found a hazy altar of Hepliaklqana.
  8332 | D:8      | Found a blossoming altar of Fedhas.
  8654 | Lair:1   | Entered Level 1 of the Lair of Beasts
  8734 | Lair:1   | Noticed a spiny frog
  8746 | Lair:1   | Killed a spiny frog
  8746 | Lair:1   | Reached skill level 10 in Maces & Flails
  8849 | Lair:1   | Noticed a spiny frog
  8948 | Lair:1   | Killed a spiny frog
  9757 | Lair:2   | Reached XP level 11. HP: 69/69 MP: 11/11
  9793 | Lair:2   | Identified a scroll of acquirement
  9827 | Lair:2   | Noticed a manticore
 10086 | Lair:2   | Reached skill level 9 in Fighting
 10112 | Lair:2   | Found an iron altar of Okawaru.
 10113 | Lair:2   | You fall through a shaft for 2 floors!
 10122 | Lair:4   | Found a dark tunnel.
 10130 | Volcano  | Entered a volcano
 11002 | Lair:4   | Found a hole to the Spider Nest.
 11716 | Lair:3   | Reached ** piety under the Shining One
 11770 | Lair:3   | Noticed a four-headed hydra
 11800 | Lair:3   | Killed a four-headed hydra
 12064 | Lair:3   | Noticed a six-headed hydra
 12099 | Lair:3   | Killed a six-headed hydra
 12099 | Lair:3   | Reached XP level 12. HP: 55/77 MP: 8/12
 12268 | Lair:3   | Reached skill level 10 in Fighting
 12486 | Lair:2   | Found a staircase to the Shoals.
 12526 | Lair:2   | Noticed a seven-headed hydra
 12527 | Lair:2   | Reached skill level 10 in Armour
 12527 | Lair:2   | Reached skill level 10 in Shields
 12536 | Lair:2   | Killed a seven-headed hydra
 12885 | Lair:2   | Reached skill level 1 in Invocations
 13009 | Lair:2   | You fall through a shaft!
 13648 | Lair:5   | Noticed Rupert
 13661 | Lair:5   | Killed Rupert
 13787 | Lair:5   | Reached skill level 11 in Fighting
 13921 | Lair:5   | Noticed Sonja
 13940 | Lair:5   | Killed Sonja
 13940 | Lair:5   | Reached XP level 13. HP: 84/84 MP: 16/16
 14332 | Lair:6   | Entered Level 6 of the Lair of Beasts
 14393 | Lair:6   | Found a staircase to the Slime Pits.
 14431 | Lair:6   | Reached skill level 5 in Invocations
 14586 | Lair:6   | Reached *** piety under the Shining One
 15276 | Lair:6   | Reached skill level 12 in Fighting
 15291 | Lair:6   | Reached **** piety under the Shining One
 15443 | Lair:6   | Gained mutation: Your large and strong wings let you fly
                  | indefinitely. [Gargoyle growth]
 15443 | Lair:6   | Reached XP level 14. HP: 69/92 MP: 16/18
 15865 | Lair:6   | Reached skill level 15 in Maces & Flails
 16216 | D:4      | Killed Edmund
 16222 | D:4      | Killed Menkaure
 16230 | D:4      | Killed Eustachio
 16258 | D:4      | Found a staircase to the Ecumenical Temple.
 16607 | D:4      | Noticed Duvessa
 16613 | D:4      | Noticed Dowan
 16620 | D:4      | Killed Duvessa
 16623 | D:4      | Killed Dowan
 16851 | D:9      | Found Kecsito's Assorted Antiques.
 16854 | D:9      | Bought a small garnet amulet for 95 gold pieces
 16854 | D:9      | Bought a notched copper ring for 95 gold pieces
 16854 | D:9      | Bought a potion of haste for 190 gold pieces
 16886 | D:9      | Noticed Psyche
 16986 | D:9      | Found Ceraf's Food Boutique.
 17089 | D:9      | Killed Psyche
 17174 | D:9      | Found Jacsim's Magic Scroll Boutique.
 17177 | D:9      | Bought a scroll of blinking for 97 gold pieces
 17177 | D:9      | Bought a scroll of teleportation for 39 gold pieces
 17177 | D:9      | Bought a scroll of teleportation for 39 gold pieces
 17177 | D:9      | Bought a scroll of blinking for 97 gold pieces
 17302 | D:9      | Found an iron altar of Okawaru.
 17305 | D:9      | Found a shadowy altar of Dithmenos.
 17308 | D:9      | Found a burning altar of Makhleb.
 17497 | D:10     | Entered Level 10 of the Dungeon
 17662 | D:10     | Found Soizut's Jewellery Emporium.
 17662 | D:10     | Found Tunyxain's Magic Scroll Emporium.
 17670 | D:10     | Found Qeatapt's Assorted Antiques.
 17673 | D:10     | Found Xuipsizio's Armour Emporium.
 17941 | D:10     | Found a flagged portal.
 18067 | D:10     | Bought a scroll of remove curse for 39 gold pieces
 18067 | D:10     | Bought a scroll of identify for 26 gold pieces
 18145 | D:10     | Got a glittering graven amulet
 18492 | D:11     | Reached ***** piety under the Shining One
 18689 | D:11     | Found a sacrificial altar of Ru.
 19389 | D:12     | Found Zuig's Serpentskin Sales.
 19525 | D:12     | Found a staircase to the Orcish Mines.
 19659 | Orc:1    | Entered Level 1 of the Orcish Mines
 19722 | D:12     | Reached skill level 13 in Fighting
 20632 | Orc:2    | Entered Level 2 of the Orcish Mines
 20647 | Orc:2    | Noticed Erolcha
 20785 | Orc:2    | Found a staircase to the Elven Halls.
 20798 | Orc:2    | Killed Erolcha
 21220 | Orc:2    | Reached XP level 15. HP: 99/99 MP: 19/19
 21558 | Orc:2    | Reached skill level 1 in Evocations
 21560 | Orc:2    | Reached ****** piety under the Shining One
 21969 | Orc:2    | Found a bloodstained altar of Trog.
 22311 | Orc:2    | Found Ysuthil's Assorted Antiques.
 22311 | Orc:2    | Found Heez Buhu's Armour Shoppe.
 22324 | Orc:2    | Found Gaufiosm's Assorted Antiques.
 22324 | Orc:2    | Found Aruigy's Weapon Shoppe.
 22340 | Orc:2    | Bought a glowing scarf for 208 gold pieces
 22479 | D:10     | Bought the amulet of Vitality {Regen+ HP+15} for 1106 gold
                  | pieces
 22479 | D:10     | Found the amulet of Vitality {Regen+ HP+15}
 22503 | D:10     | Identified the amulet "Usog" {rF+ Regen+} (You found it on
                  | level 10 of the Dungeon)
 22636 | Shoals:1 | Entered Level 1 of the Shoals
 23099 | Shoals:1 | Noticed a kraken
 23218 | Shoals:1 | Killed a kraken
 23448 | Shoals:1 | Noticed a kraken
 23769 | Shoals:1 | Noticed Frances
 23808 | Shoals:1 | Killed Frances
 23841 | Shoals:1 | Found a blossoming altar of Fedhas.
 23854 | Shoals:1 | Reached skill level 14 in Fighting
 24000 | Shoals:1 | Killed a kraken
 24118 | Shoals:2 | Noticed Nikola
 24288 | Shoals:2 | Noticed Polyphemus
 24319 | Shoals:2 | Killed Polyphemus
 24660 | Shoals:2 | Killed Nikola
 25097 | Shoals:2 | Found a runed translucent gate.
 25097 | Shoals:2 | Found a runed translucent gate.
 25097 | Shoals:2 | Found a runed translucent gate.
 25099 | Shoals:2 | Found an opulent altar of Gozag.
 25104 | Shoals:2 | Noticed ciphuk's ghost (adept GnVM)
 25449 | Shoals:3 | Reached skill level 5 in Evocations
 25453 | Shoals:3 | Reached XP level 16. HP: 76/107 MP: 22/22
 26309 | Shoals:4 | Entered Level 4 of the Shoals
 26568 | Shoals:4 | Got a smelly plate armour
 26579 | Shoals:4 | Identified the +5 plate armour of Zeuzuh {rN+ Int+3} (You
                  | found it on level 4 of the Shoals)
 26608 | Shoals:4 | Reached skill level 15 in Fighting
 26623 | Shoals:4 | Reached skill level 15 in Shields
 26725 | Shoals:4 | Reached skill level 10 in Invocations
 26988 | Shoals:4 | Noticed Kirke
 27004 | Shoals:4 | Killed Kirke
 27583 | Shoals:4 | Got a barnacled rune of Zot
 28259 | Shoals:4 | Identified the Tome of Beguiling and Damage Dealing
 28447 | Spider:1 | Entered Level 1 of the Spider Nest
 28454 | Spider:1 | Reached skill level 16 in Fighting
 28472 | Spider:1 | Reached XP level 17. HP: 115/115 MP: 24/24
 28479 | Spider:1 | Noticed Asterion
 28490 | Spider:1 | Killed Asterion
 28524 | Spider:1 | Reached skill level 1 in Dodging
 29508 | Spider:2 | Noticed Arachne
 29577 | Spider:2 | Killed Arachne
 31170 | Spider:4 | Entered Level 4 of the Spider Nest
 31355 | Spider:4 | Reached XP level 18. HP: 122/122 MP: 26/26
 31394 | Spider:4 | Reached skill level 17 in Fighting
 31530 | Spider:4 | Reached skill level 10 in Evocations
 31547 | Spider:4 | Reached skill level 5 in Dodging
 31752 | Spider:4 | Found a runed translucent gate.
 31753 | Spider:4 | Found a runed translucent gate.
 31754 | Spider:4 | Found a runed translucent gate.
 31756 | Spider:4 | Noticed CptnHaddock's ghost (adept HOMo)
 32482 | Spider:4 | Reached skill level 18 in Fighting
 32824 | Spider:4 | Got a gossamer rune of Zot
 33956 | D:14     | Reached skill level 19 in Fighting
 34029 | D:14     | Found a gate to the Vaults.
 34860 | D:15     | Entered Level 15 of the Dungeon
 34891 | D:15     | Found the +3 robe of Clouds {+Thunder rCloud rElec}
 35170 | D:15     | Reached XP level 19. HP: 116/133 MP: 28/28
 35197 | D:15     | Found a staircase to the Depths.
 35553 | Elf:1    | Entered Level 1 of the Elven Halls
 35913 | Elf:1    | Noticed Jorgrun
 35934 | Elf:1    | Killed Jorgrun
 36246 | Elf:1    | Found a transporter.
 36875 | Elf:1    | Identified the +8 longbow "Cusoteaj" {velocity, +Fly rElec
                  | Int+2}
 36876 | Elf:1    | Identified the +10 rapier "Zieri" {freeze, rPois rN+ SInv}
 36876 | Elf:1    | Identified the cursed +0 rapier "Death Rattle" {vamp, rF+
                  | SInv}
 36882 | Elf:1    | Found a transporter.
 36898 | Elf:1    | Found a bloodstained altar of Trog.
 36900 | Elf:1    | Identified the +4 rapier "Ronwauni" {antimagic, rC+ SInv}
 36900 | Elf:1    | Identified the +9 rapier "Warchuim" {antimagic, rPois Str+2
                  | Int+3}
 36900 | Elf:1    | Noticed Wujasch's ghost (adept GnEE)
 37747 | Elf:2    | Found a runed translucent gate.
 37747 | Elf:2    | Found a runed translucent gate.
 37748 | Elf:2    | Found a runed translucent gate.
 37919 | Elf:2    | Reached skill level 20 in Fighting
 38376 | Elf:2    | Identified a +9 morningstar of holy wrath (a +9 morningstar
                  | of flaming blessed by the Shining One)
 38376 | Elf:2    | Received a gift from the Shining One
 38424 | Elf:3    | Entered Level 3 of the Elven Halls
 39302 | Elf:3    | Reached XP level 20. HP: 135/142 MP: 29/29
 39371 | Elf:3    | Noticed a Tzitzimitl
 39555 | Elf:3    | Cast into level 2 of the Abyss (a deep elf demonologist)
 39555 | Abyss:2  | Found a corrupted altar of Lugonu.
 39681 | Abyss:2  | Noticed an ancient lich
 39692 | Abyss:2  | Killed an ancient lich
 39707 | Elf:3    | Escaped the Abyss
 39712 | Elf:3    | Noticed a Brimstone Fiend
 40264 | Elf:3    | Found the +7 great mace "Undeadhunter" {disrupt, rN+}
 40866 | Slime:1  | Entered Level 1 of the Pits of Slime
 41831 | Slime:3  | Reached skill level 21 in Fighting
 42002 | Slime:5  | Entered Level 5 of the Pits of Slime
 42024 | Slime:5  | Reached XP level 21. HP: 109/148 MP: 31/31
 43307 | Slime:5  | Noticed the Royal Jelly
 43552 | Slime:5  | Slain by an azure jelly

Skill      XL: |  1  2  3  4  5  6  7  8  9 10 11 12 13 14 15 16 17 18 19 20 21 |
---------------+----------------------------------------------------------------+-----
Maces & Flails | 3 4 6 7 9 10 12 13 14 16 | 16.0
Fighting       | 4 5 6 7 8 9 11 12 13 14 16 19 20 21 | 21.3
Armour         | 4 5 6 7 8 9 10 12 | 12.0
Shields        | 4 5 6 7 8 9 11 12 13 14 15 16 17 18 | 18.0
Invocations    | 4 6 8 10 11 12 13 14 | 14.0
Evocations     | 5 8 9 10 11 | 11.8
Dodging        | 4 5 |  5.0

Action                   |  1- 3 |  4- 6 |  7- 9 | 10-12 | 13-15 | 16-18 | 19-21 || total
-------------------------+-------+-------+-------+-------+-------+-------+-------++-------
Melee: Flail             |   181 |   182 |       |       |       |       |       ||   363
       Mace              |       |     4 |   337 |   114 |       |       |       ||   455
       Morningstar       |       |       |   348 |   439 |  1437 |  1740 |  1231 ||  5195
Invok: Divine Shield     |       |       |       |     1 |     3 |     6 |     7 ||    17
       Summon Divine War |       |       |       |       |     1 |     2 |     1 ||     4
       Cleansing Flame   |       |       |       |       |       |     1 |       ||     1
       Brand Weapon With |       |       |       |       |       |       |     1 ||     1
 Abil: Fly               |       |       |       |       |     1 |       |       ||     1
Evoke: Wand              |       |       |       |     3 |     4 |    13 |     5 ||    25
  Use: Potion            |       |     1 |     1 |     3 |     4 |     1 |     2 ||    12
       Scroll            |       |     9 |     9 |     6 |    12 |       |    12 ||    48
  Eat: Chunk             |     1 |     6 |    20 |    17 |    31 |    29 |    14 ||   118
       Ration            |       |       |       |     1 |     2 |     2 |     4 ||     9
Armor: Scale mail        |     9 |       |       |       |       |       |       ||     9
       Plate armour      |   161 |   128 |   404 |   277 |   632 |  1467 |   473 ||  3542
Dodge: Dodged            |    42 |    36 |    97 |    92 |   268 |   622 |   159 ||  1316
Block: Shield            |   105 |    95 |   362 |   304 |   915 |  1599 |       ||  3380
       Large shield      |       |       |       |       |       |   196 |  1065 ||  1261
